 Dungeon Crawl Stone Soup version 0.30-a0-859-gf88a04b62d (webtiles) character file.

Game seed: 1752618107962116989

3413 Dittersdorf the Protected (level 10, -3/64 HPs)
             Began as a Gargoyle Fighter on Mar 6, 2023.
             Was a Believer of Okawaru.
             Killed from afar by an orc wizard (6 damage)
             ... with a magic dart
             ... on level 7 of the Dungeon.
             The game lasted 00:07:36 (5607 turns).

Dittersdorf the Protected (Gargoyle Fighter)        Turns: 5607, Time: 00:07:37

Health: -3/64      AC: 23    Str: 30    XL:     10   Next: 5%
Magic:  0/10       EV:  8    Int:  9    God:    Okawaru [**....]
Gold:   312        SH:  5    Dex:  9    Spells: 9/9 levels left

rFire   . . .      SeeInvis .    a - +1 flail
rCold   . . .      Faith    .    c - +0 buckler
rNeg    + . .      Spirit   +    F - +0 chain mail
rPois   ∞          Reflect  .    e - +0 helmet
rElec   +          Rampage  .    p - +1 cloak
rCorr   .                        h - +0 pair of gloves
Will    .....                    (no boots) Stlth
                                 z - amulet of guardian spirit
HPRegen 0.30/turn                i - +4 ring of slaying
MPRegen 0.12/turn                q - +6 ring of strength

@: no status effects
A: sickness immunity, AC +7, negative energy resistance 1, electricity
resistance, torment resistance 1, petrification resistance
a: Renounce Religion, Heroism


You were on level 7 of the Dungeon.
You worshipped Okawaru.
Okawaru was pleased with you.
You visited 2 branches of the dungeon, and saw 8 of its levels.

You collected 312 gold pieces.

Inventory:

Hand Weapons
 a - a +1 flail (weapon)
Missiles
 k - 16 poisoned darts (quivered)
Armour
 c - a +0 buckler (worn)
 e - a +0 helmet (worn)
 h - a +0 pair of gloves (worn)
 p - a +1 cloak (worn)
 F - a +0 chain mail (worn)
Jewellery
 i - a +4 ring of slaying (left hand)
 q - a +6 ring of strength (right hand)
 z - an amulet of guardian spirit (around neck)
Wands
 A - a wand of iceblast (19)
 D - a wand of digging (6)
Scrolls
 o - 2 scrolls of teleportation
 s - a scroll of poison
Potions
 b - a potion of heal wounds {unknown}
 d - 2 potions of might
 m - 2 potions of haste {unknown}
 n - 9 potions of curing
 t - 4 potions of mutation
 u - 4 potions of flight
 v - a potion of berserk rage
 w - a potion of ambrosia
 x - 2 potions of cancellation
 B - a potion of lignification {unknown}
 E - a potion of brilliance


   Skills:
 + Level 8.3 Fighting
 + Level 7.2 Maces & Flails
 + Level 8.3 Armour
 + Level 8.3 Shields


You had 9 spell levels left.
You didn't know any spells.
Your spell library contained the following spells:

 Spells                   Type           Power      Damage    Failure   Level
 Kiss of Death            Conj/Necr      0%         2d5       91%         1
 Poisonous Vapours        Pois/Air       0%         N/A       97%         2
 Static Discharge         Conj/Air       0%         2-2/arc   97%         2
 Confusing Touch          Hex            0%         N/A       99%         3
 Mephitic Cloud           Conj/Pois/Air  0%         N/A       99%         3
 Spider Form              Tmut/Pois      0%         N/A       99%         3
 Stone Arrow              Conj/Erth      0%         3d7       99%         3
 Vhi's Electric Charge    Tloc/Air       0%         N/A       99%         3
 Dispel Undead            Necr           0%         3d6       100%        4
 Arcjolt                  Conj/Air       0%         1d10      100%        5
 Lee's Rapid Deconstruct  Erth           0%         3d4*      100%        5
 Lightning Bolt           Conj/Air       0%         1d11      100%        5
 Cigotuvi's Dreadful Rot  Necr/Pois/Air  Unusable   N/A       N/A         2

Dungeon Overview and Level Annotations

Branches:
Dungeon (7/15)             Temple (1/1) D:5

Altars:
Ashenzari
Cheibriados
Elyvilon
Fedhas
Gozag
Hepliaklqana
Kikubaaqudgha
Makhleb
Nemelex Xobeh
Okawaru
Qazlal
Ru
Trog
Vehumet
Xom
Yredelemnul
Zin
The Shining One

Annotations:
D:7 2 transporters


Innate Abilities, Weirdness & Mutations

You are immune to sickness and miasma.
Your stone body is resilient. (AC +7)
You are immune to poison.
You resist negative energy. (rN+)
You are resistant to electric shocks. (rElec)
You are resistant to unholy torment.
You are immune to petrification.


Message History

You hit the gargoyle but do no damage. The gargoyle hits you with a +0 flail.
Something hits you but does no damage.
You hit the gargoyle.
The gargoyle is lightly damaged.
The gargoyle hurls a stone arrow at you.
The stone arrow hits you!
You hear some strange, mumbled words.
A magic dart appears from out of thin air!
The magic dart hits you.
You thump the gargoyle!
The gargoyle is moderately damaged.
The gargoyle hurls a stone arrow at you.
The stone arrow hits you!!
You hear some strange, mumbled words.
A magic dart appears from out of thin air!
The magic dart hits you but does no damage.
You are too injured to fight recklessly!
You are too injured to fight recklessly!
You are too injured to fight recklessly!
You are too injured to fight recklessly!
You are too injured to fight recklessly!
You are too injured to fight recklessly!
You are too injured to fight recklessly!
You are too injured to fight recklessly!
You are too injured to fight recklessly!
You are too injured to fight recklessly!
You are too injured to fight recklessly!
You are too injured to fight recklessly!
You are too injured to fight recklessly!
You are too injured to fight recklessly!
You are too injured to fight recklessly!
You miss something. The ogre hits you with a +0 giant club!
* * * LOW HITPOINT WARNING * * *
The gargoyle hurls a stone arrow at you.
The stone arrow hits you!
* * * LOW HITPOINT WARNING * * *
You hear some strange, mumbled words.
A magic dart appears from out of thin air!
The magic dart hits you!
You die...

.....##.# *,* **,,* *,*
...^.##.#**,* *..# *,*
####.....#,,* *!.# *,*
#.###..*,**###..# *,*
#.###.#**,......# *,*
#.##.## *#.*#...# *,*
####.#*#.###.**#...# *,*
.....# *#.#.#* #o9.###.#
###.## #...# #@oo....#
#.# #...####O{####.# #.#
#..........$...#
#.#####..#####..####.#
#..)......#**#..# *,*
**#######.........# *,*
,,,,,,,,...#####.##***,*
,***,**##### #..,,,,,*
****,* ###******


You could see a gargoyle, an ogre and 3 orcs.

Vanquished Creatures
  Sigmund (D:2)
  6 yaks
  2 water moccasins (D:5)
  An orc warrior (D:7)
  A sky beast (D:7)
  4 black bears
  An ogre (D:6)
  A phantom (D:5)
  A kobold brigand (D:6)
  2 bullfrogs
  6 scorpions
  6 killer bees (D:6)
  2 hounds (D:5)
  Crazy Yiuf (D:5)
  2 gnoll boudas
  5 iguanas
  3 orc wizards
  Natasha (thrice) (D:4)
  Robin (D:1)
  7 adders
  8 gnolls
  An ufetubus (D:7)
  2 worms
  10 orcs
  5 ball pythons
  10 endoplasms
  4 giant cockroaches
  13 goblins
  5 hobgoblins
  6 jackals
  2 quokkas
  5 bats
  2 frilled lizards (D:1)
  10 kobolds
  3 rats (D:1)
142 creatures vanquished.

Vanquished Creatures (others)
  A plant (D:5)
1 creature vanquished.

Grand Total: 143 creatures vanquished

Notes
Turn   | Place    | Note
-------+----------+-------------------------------------------
     0 | D:1      | Dittersdorf the Gargoyle Fighter began the quest for the
                  | Orb.
     0 | D:1      | Reached XP level 1. HP: 14/14 MP: 1/1
   194 | D:1      | Reached XP level 2. HP: 19/19 MP: 2/2
   619 | D:1      | Got the Almanac of the Dove
   672 | D:1      | Reached XP level 3. HP: 23/23 MP: 3/3
  1032 | D:2      | Noticed Sigmund
  1070 | D:2      | Killed Sigmund
  1071 | D:2      | Reached XP level 4. HP: 28/30 MP: 4/4
  1071 | D:2      | Reached XP level 5. HP: 32/34 MP: 5/5
  1144 | D:2      | Noticed Robin
  1150 | D:2      | Reached XP level 6. HP: 27/39 MP: 6/6
  1167 | D:1      | Killed Robin
  2524 | D:4      | Reached skill level 5 in Fighting
  2524 | D:4      | Reached skill level 5 in Armour
  2524 | D:4      | Reached skill level 5 in Shields
  2582 | D:4      | Noticed Natasha
  2591 | D:4      | Killed Natasha
  2592 | D:4      | Reached XP level 7. HP: 44/44 MP: 7/7
  2744 | D:4      | Noticed Natasha
  2753 | D:4      | Killed Natasha
  2815 | D:4      | Noticed Natasha
  2820 | D:4      | Killed Natasha
  2884 | D:5      | Entered Level 5 of the Dungeon
  3366 | D:5      | Reached XP level 8. HP: 32/51 MP: 6/8
  3472 | D:5      | Noticed a yak
  3472 | D:5      | Noticed a yak
  3472 | D:5      | Noticed a yak
  3479 | D:5      | Noticed a yak
  3480 | D:5      | Noticed a yak
  3481 | D:5      | Noticed a yak
  3488 | D:5      | Killed a yak
  3489 | D:5      | Reached skill level 5 in Maces & Flails
  3506 | D:4      | Killed a yak
  3685 | D:4      | Killed a yak
  3691 | D:4      | Killed a yak
  3778 | D:4      | Killed a yak
  3779 | D:4      | Reached XP level 9. HP: 28/56 MP: 6/9
  3919 | D:5      | Found a staircase to the Ecumenical Temple.
  3937 | Temple   | Entered the Ecumenical Temple
  4102 | Temple   | Became a worshipper of Warmaster Okawaru
  4219 | D:5      | Found a runed translucent door.
  4220 | D:5      | Noticed Crazy Yiuf
  4356 | D:5      | Killed Crazy Yiuf
  5078 | D:6      | Reached * piety under Okawaru
  5477 | D:7      | Found a transporter.
  5481 | D:7      | Found a bloodstained altar of Trog.
  5483 | D:7      | Found a transporter.
  5496 | D:7      | Reached XP level 10. HP: 62/64 MP: 10/10
  5556 | D:7      | Reached ** piety under Okawaru
  5601 | D:7      | Noticed a gargoyle
  5607 | D:7      | HP: 3/64 [gargoyle/stone arrow (9)]
  5607 | D:7      | Killed from afar by an orc wizard

Illustrated notes

Levels and vault maps discovered:
D:1:      ebering_trefoil_3fold, layout_loops_ring, supply_closet_lemuel,
          minmay_misc_feat_alley
D:2:      layout_rooms, uniq_robin, uniq_sigmund
D:3:      layout_loops_corners
D:4:      layout_rooms, serial_bayou_crossing, uniq_natasha
D:5:      layout_rooms, minmay_temple_entry_overgrown, uniq_crazy_yiuf_cottage
D:6:      layout_cave_pools
D:7:      layout_loops_ring, gammafunk_ghost_wrathful_warriors,
          kennysheep_generic_room_12
Temple:   hc_temple_tempest_star

Skill      XL: |  1  2  3  4  5  6  7  8  9 |
---------------+----------------------------+-----
Fighting       | 4 5 6 8 |  8.3
Maces & Flails | 3 4 5 7 |  7.2
Armour         | 4 5 6 8 |  8.3
Shields        | 4 5 6 8 |  8.3

Action                     |  1- 3 |  4- 6 |  7- 9 | 10-12 || total
---------------------------+-------+-------+-------+-------++-------
  Melee: Flail             |   107 |   126 |   270 |    22 ||   525
  Throw: Dart              |     5 |       |    21 |       ||    26
    Use: Scroll            |       |     7 |    11 |     1 ||    19
 Armour: Scale mail        |   103 |   130 |   116 |       ||   349
         Chain mail        |       |       |   111 |    10 ||   121
  Dodge: Dodged            |    89 |    99 |   112 |     3 ||   303
  Block: Buckler           |    40 |    33 |   101 |     8 ||   182

Table legend: (Time is in decaauts)
 A = Elapsed time spent in this place.
 B = Non-inter-level travel time spent in this place.
 C = Inter-level travel time spent in this place.
 D = Time resting spent in this place.
 E = Time spent auto-exploring this place.
 F = Levels seen in this place.
 G = Mean time per level.
                   A        B        C        D        E       F      G
               +--------+--------+--------+--------+--------+-----+--------+
         Total |   5770 |   5509 |    261 |    781 |   3471 |   8 |  721.2 |
       Dungeon |   5559 |   5348 |    211 |    781 |   3326 |   7 |  794.1 |
        Temple |    211 |    161 |     50 |      0 |    144 |   1 |  211.0 |
               +--------+--------+--------+--------+--------+-----+--------+

Top non-repeatable levels by time:
     D:1: 1050 daAuts
     D:5: 1032 daAuts
     D:4: 939 daAuts
     D:3: 877 daAuts
     D:6: 803 daAuts
     D:2: 535 daAuts
     D:7: 321 daAuts
  Temple: 211 daAuts
